 Dungeon Crawl Stone Soup version 0.29.1-15-g9cfb28693d (webtiles) character file.

Game seed: 8713047932190854816

1260 domi the Conjurer (level 9, -1/74 HPs)
             Began as a Meteoran Earth Elementalist on Apr 1, 2023.
             Was an Initiate of Cheibriados.
             Slain by a hobgoblin
             ... wielding a +0 hand axe
              (3 damage)
             ... in a bailey.
             The game lasted 00:15:35 (1567 turns).

domi the Conjurer (Meteoran Earth Elementalist)     Turns: 1567, Time: 00:15:36

Health: -1/74      AC:  4    Str: 16      XL:     9   Next: 8%
Magic:  1/17       EV: 12    Int: 22      God:    Cheibriados [......]
Gold:   160        SH:  0    Dex: 16 (17) Spells: 12/18 levels left

rFire   . . .      SeeInvis .   (no weapon)
rCold   . . .      Faith    .   (no shield)
rNeg    . . .      Spirit   .   a - +0 robe
rPois   .          Reflect  .   j - +2 hat
rElec   .          Harm     .   (no cloak)
rCorr   .          Rampage  .   (no gloves)
Will    +....                   (no boots)
Stlth   +.........              (no amulet)
HPRegen 0.22/turn               g - +6 ring of strength
MPRegen 0.15/turn               (no ring)

@: about to teleport, glowing, very slow
A: sense surroundings 2, otherworldly, glowing, explore regen
a: Renounce Religion


You were in a bailey.
You worshipped Cheibriados.
Cheibriados was noncommittal.
You visited 2 branches of the dungeon, and saw 8 of its levels.
You also visited: Bailey.

You collected 160 gold pieces.

Inventory:

Missiles
 b - a curare-tipped dart {=f}
 l - 5 javelins (quivered)
Armour
 a - a +0 robe (worn)
 j - a +2 hat (worn)
   (You found it on level 5 of the Dungeon)
Jewellery
 g - a +6 ring of strength (left hand)
   (You found it on level 2 of the Dungeon)
Scrolls
 c - a scroll of noise {!r}
 i - a scroll of amnesia
Potions
 d - 2 potions of degeneration {!q}
 e - a potion of curing {@q1}


   Skills:
 - Level 5.0 Fighting
 - Level 2.4 Dodging
 - Level 1.4 Stealth
 - Level 5.0 Spellcasting
 + Level 6.3 Conjurations
 - Level 5.0 Transmutations
 + Level 6.2 Earth Magic


You had 12 spell levels left.
You knew the following spells:

 Your Spells              Type           Power      Damage    Failure   Level
x - Stone Arrow           Conj/Erth      66%        3d11      2%          3
z - Sandblast             Erth           66%        2d15      1%          1
N - Passwall              Tmut/Erth      25%        N/A       1%          2

Your spell library contained the following spells:

 Spells                   Type           Power      Damage    Failure   Level
 Sting                    Tmut/Pois      64%        1d6       3%          1
 Petrify                  Tmut/Erth      30%        N/A       10%         4
 Poisonous Vapours        Pois/Air       10%        N/A       16%         2
 Olgreb's Toxic Radiance  Pois           5%         N/A       69%         4
 Summon Ice Beast         Ice/Summ       5%         N/A       69%         4
 Summon Mana Viper        Hex/Summ       5%         N/A       95%         5
 Monstrous Menagerie      Summ           2%         N/A       100%        7


Dungeon Overview and Level Annotations

Branches:
Dungeon (7/15) Zot: 4179   Temple (1/1) D:7 Zot: 726  Bailey (1/1) Zot: 818

Altars:
Ashenzari
Cheibriados
Elyvilon
Fedhas
Gozag
Hepliaklqana
Kikubaaqudgha
Makhleb
Nemelex Xobeh
Okawaru
Qazlal
Ru
Sif Muna
Trog
Uskayaw
Vehumet
Wu Jian
Xom
Yredelemnul
The Shining One

Shops:
D:5 ?


Innate Abilities, Weirdness & Mutations

You passively map the area around you.
You are easily found by Zot.
You glow in the dark.
You regain HP and MP as you explore.


Message History

A kobold comes into view.
Items here: )) [[ †.
The kobold shouts!
The kobold throws a boomerang.
The boomerang hits you but does no damage.
There is an open gate here.
You don't have enough magic to cast this spell.
Aim: a kobold, quivering boomerangs (80% to hit)
The blast of sand misses the kobold.
The kobold hits you but does no damage.
You hit the kobold but do no damage. You punch the kobold.
You kill the kobold!
Cheibriados appreciates the change of pace.
A kobold comes into view.
Things that are here:
a boomerang; a kobold corpse A kobold comes into view.
The kobold shouts!
You hear a shout! x2
An orc comes into view. It is wielding a +0 hand axe.
A kobold comes into view.
A kobold and a gnoll come into view.
Found a gate leading back out of this place.
The kobold shouts!
The gnoll shouts!
There is an open door here.
Aim: a kobold, quivering boomerangs (67% to hit)
The stone arrow hits the kobold!
You kill the kobold!
Cheibriados appreciates the change of pace.
The kobold throws a boomerang.
The boomerang hits you.
Aim: an orc, wielding a +0 hand axe and wearing a +0 leather armour (74% to hit)
The stone arrow hits the orc!!
You kill the orc!
Cheibriados appreciates the change of pace.
You hear a splash. x2
An orc warrior comes into view. It is wielding a +0 war axe.
Aim: a kobold, quivering boomerangs (67% to hit)
The stone arrow hits the kobold!
You kill the kobold!
Cheibriados thoroughly appreciates the change of pace.
You hear a splash.
The orc warrior shouts!
A hobgoblin comes into view. It is wielding a +0 hand axe.
The kobold throws a boomerang.
The boomerang hits you.
Aim: a kobold, quivering boomerangs (67% to hit)
The stone arrow misses the kobold.
An orc warrior comes into view. It is wielding a +0 battleaxe.
The kobold throws a boomerang.
The boomerang closely misses you.
You don't have enough magic to cast this spell.
Which direction?
As you close the door, it creaks loudly!
A gnoll breaks down the door.
Aim: a kobold, quivering boomerangs (80% to hit)
The blast of sand hits the gnoll!
You kill the gnoll!
Cheibriados appreciates the change of pace.
You aren't carrying any items that you can evoke.
Okay, then.
Okay, then.
Okay, then.
The kobold throws a boomerang.
The boomerang hits you but does no damage.
Aim: a kobold, quivering boomerangs (80% to hit)
The blast of sand hits the kobold.
You kill the kobold!
Cheibriados appreciates the change of pace.
The kobold shouts!
The kobold throws a boomerang.
The boomerang misses you.
Aim: an orc warrior, wielding a +0 war axe and wearing a +0 scale mail (80% to hit)
The blast of sand hits the orc warrior.
The kobold throws a boomerang.
The boomerang hits you. The orc warrior closely misses you.
You closely miss the orc warrior.
The kobold throws a boomerang.
The boomerang hits you.
The orc warrior hits you with a +0 war axe!
Unknown command.
Aim: an orc warrior, wielding a +0 war axe and wearing a +0 scale mail (lightly wounded, 80% to hit)
The blast of sand hits the orc warrior but does no damage.
The kobold throws a boomerang.
The boomerang hits you but does no damage.
The orc warrior hits you but does no damage.
The hobgoblin hits you with a +0 hand axe.
The kobold throws a boomerang.
The boomerang hits you.
The orc warrior hits you with a +0 war axe!
Unknown command.
Okay, then.
You hit the orc warrior.
The hobgoblin hits you but does no damage.
The orc warrior hits you with a +0 war axe!
Unknown command.
You feel better. The hobgoblin barely misses you.
The orc warrior hits you with a +0 war axe!
* * * LOW HITPOINT WARNING * * *
As you read the scroll of teleportation {@r4}, it crumbles to dust.
You feel strangely unstable.
The hobgoblin hits you with a +0 hand axe.
* * * LOW HITPOINT WARNING * * *
The orc warrior hits you with a +0 war axe!
* * * LOW HITPOINT WARNING * * *
The orc warrior attacks as you move away!
The orc warrior hits you with a +0 war axe.
* * * LOW HITPOINT WARNING * * *
The hobgoblin hits you with a +0 hand axe.
You die...

##.........#~~~~~#
♣≈≈#..........#g~(~g#.,
♣≈≈#..8..8....)o.(.o'o
♣≈≈#........#########.,
♣≈≈##......##~~ * ~ *
♣...##.(...#~:. ,, ~
♣....##.(..#~?., , ,,
♣♣.....#go..##8.8,,
♣....).@.....#o..,,
♣∩.∩.(.'K....#.... ,
♣......'.....#...., ,,
♣♣.....#()..##8.8.,
♣....##....#~!... ~
♣...##.....#~).. ,
♣≈≈## .....#*~~ * ♣≈≈#
.......#* ** ♣≈≈#
.8..8... ',, , ',


You could see an orc warlord, an orc warrior, a hobgoblin and a kobold.

Vanquished Creatures
  A black bear (D:6)
  An ice beast (D:6)
  An orc warrior (Bailey)
  An ogre (D:6)
  2 phantoms
  2 kobold brigands (D:6)
  A bullfrog (D:6)
  A scorpion (D:6)
  2 hounds
  3 jellies
  A gnoll bouda (D:6)
  9 gnolls
  4 adders
  A white imp (D:6)
  A worm (D:3)
  A dart slug (D:4)
  11 orcs
  2 endoplasms
  5 goblins
  3 hobgoblins
  6 jackals (D:1)
  19 kobolds
  4 ball pythons
  3 bats
  4 frilled lizards
  4 rats
93 creatures vanquished.

Vanquished Creatures (collateral kills)
  A sky beast (D:6)
  3 orcs (D:6)
4 creatures vanquished.

Grand Total: 97 creatures vanquished

Notes
Turn   | Place    | Note
-------+----------+-------------------------------------------
     0 | D:1      | domi the Meteoran Earth Elementalist began the quest for
                  | the Orb.
     0 | D:1      | Reached XP level 1. HP: 14/14 MP: 5/5
    52 | D:1      | Reached skill level 4 in Earth Magic
    54 | D:1      | Reached XP level 2. HP: 20/20 MP: 1/6
   166 | D:2      | Reached XP level 3. HP: 26/26 MP: 4/8
   168 | D:2      | Reached skill level 5 in Earth Magic
   170 | D:2      | Reached skill level 2 in Transmutations
   294 | D:2      | Reached XP level 4. HP: 33/33 MP: 7/9
   303 | D:2      | Learned a level 3 spell: Stone Arrow
   306 | D:2      | Learned a level 2 spell: Passwall
   337 | D:3      | Reached skill level 3 in Transmutations
   350 | D:3      | Reached XP level 5. HP: 38/38 MP: 4/10
   407 | D:3      | Reached skill level 4 in Transmutations
   588 | D:5      | Entered Level 5 of the Dungeon
   607 | D:5      | Reached skill level 5 in Transmutations
   607 | D:5      | Reached skill level 1 in Conjurations
   607 | D:5      | Reached XP level 6. HP: 45/45 MP: 8/11
   641 | D:5      | Found Conaepe's Magic Scroll Emporium.
   674 | D:5      | Reached skill level 2 in Conjurations
   711 | D:5      | Reached skill level 3 in Conjurations
   733 | D:5      | Found a hide-covered altar of Uskayaw.
   733 | D:5      | Found an ornate altar of the Wu Jian Council.
   733 | D:5      | Found an iron altar of Okawaru.
   734 | D:5      | Found a burning altar of Makhleb.
   736 | D:5      | Found an ancient bone altar of Kikubaaqudgha.
   845 | D:6      | Reached skill level 4 in Conjurations
   857 | D:6      | Noticed an ice beast
   860 | D:6      | Noticed a sky beast
   864 | D:6      | Killed an ice beast
   865 | D:6      | Reached skill level 5 in Conjurations
   865 | D:6      | Reached XP level 7. HP: 41/50 MP: 6/12
   873 | D:6      | HP: 11/50 [orc/+0 hand axe (2)]
   874 | D:6      | Reached skill level 4 in Spellcasting
   888 | D:6      | Reached skill level 5 in Spellcasting
   942 | D:6      | Reached skill level 1 in Fighting
   944 | D:6      | Reached skill level 2 in Fighting
   944 | D:6      | Reached XP level 8. HP: 62/62 MP: 6/16
   968 | D:6      | HP: 21/93 [gnoll/+0 spear[a gnoll bouda] (6)]
   971 | D:6      | Reached skill level 3 in Fighting
  1102 | D:6      | Reached skill level 4 in Fighting
  1221 | D:6      | Reached skill level 5 in Fighting
  1326 | D:7      | Found a staircase to the Ecumenical Temple.
  1333 | Temple   | Entered the Ecumenical Temple
  1433 | Temple   | Became a worshipper of Cheibriados the Contemplative
  1489 | D:7      | Found a flagged portal.
  1502 | Bailey   | Entered a bailey
  1507 | Bailey   | Noticed an orc warlord
  1520 | Bailey   | Reached skill level 6 in Conjurations
  1520 | Bailey   | Reached skill level 6 in Earth Magic
  1520 | Bailey   | Gained mutation: You passively map the area around you.
                  | [Meteoran growth]
  1520 | Bailey   | Reached XP level 9. HP: 50/74 MP: 0/17
  1566 | Bailey   | HP: 18/74 [hobgoblin/+0 hand axe (3)]
  1566 | Bailey   | HP: 8/74 [orc warrior/+0 war axe (10)]
  1567 | Bailey   | HP: 2/74 [orc warrior/+0 war axe (6)]
  1567 | Bailey   | Slain by a hobgoblin

Illustrated notes

Levels and vault maps discovered:
D:1:      wander_arrival_estate, layout_basic
D:2:      layout_loops_cross, dreamdust_ecumenical_altar_angels_and_demons,
          minmay_pentomino_q2, uniq_jessica
D:3:      layout_rooms
D:4:      nicolae_cairo_tiling, layout_rooms, minmay_misc_feat_tower,
          uniq_blork_the_orc
D:5:      layout_basic, minitemple, serial_shops, shop, uniq_crazy_yiuf_cottage
D:6:      layout_layer_cave, st_stairs_14
D:7:      minmay_the_grid_octo_tiled_squarecenter
          [minmay_the_grid_octo_checkered, minmay_the_grid_octo_concentric,
          minmay_the_grid_octo_empty, minmay_the_grid_octo_odd_swirl,
          minmay_the_grid_square_5x5_megaprize_hollow,
          minmay_the_grid_square_5x5_comb, minmay_the_grid_square_5x5_shrine2,
          minmay_the_grid_square_5x5_six_small, minmay_the_grid_square_5x5_z],
          layout_loops_ring, temple_green, enter_bailey_4,
          grunt_decor_resistance
Temple:   eino_temple_scatter_basement
Bailey:   bailey_axe_bossmonster_kennysheep, bailey

Skill      XL: |  1  2  3  4  5  6  7  8 |
---------------+-------------------------+-----
Earth Magic    | 4 5 6 |  6.2
Transmutations | 2 3 5 |  5.0
Conjurations   | 1 5 6 |  6.3
Spellcasting   | 5 |  5.0
Fighting       | 2 5 |  5.0
Dodging        | |  2.4
Stealth        | |  1.4

Action                   |  1- 3 |  4- 6 |  7- 9 || total
-------------------------+-------+-------+-------++-------
Melee: Unarmed           |    26 |     9 |    48 ||    83
       Punch             |       |       |     3 ||     3
 Cast: Sandblast         |    27 |    58 |    39 ||   124
       Stone Arrow       |       |       |    35 ||    35
  Use: Potion            |     1 |       |     9 ||    10
       Scroll            |       |     8 |     4 ||    12
Armor: Robe              |     9 |    10 |    22 ||    41
       Skin              |       |       |    52 ||    52
Dodge: Dodged            |    26 |    26 |    60 ||   112

Table legend: (Time is in decaauts)
 A = Elapsed time spent in this place.
 B = Non-inter-level travel time spent in this place.
 C = Inter-level travel time spent in this place.
 D = Time resting spent in this place.
 E = Time spent auto-exploring this place.
 F = Levels seen in this place.
 G = Mean time per level.
                   A        B        C        D        E       F      G
               +--------+--------+--------+--------+--------+-----+--------+
         Total |   1640 |   1550 |     90 |      0 |      0 |   9 |  182.2 |
       Dungeon |   1437 |   1368 |     69 |      0 |      0 |   7 |  205.3 |
        Temple |    123 |    102 |     21 |      0 |      0 |   1 |  123.0 |
        Bailey |     79 |     79 |      0 |      0 |      0 |   1 |   79.0 |
               +--------+--------+--------+--------+--------+-----+--------+

Top non-repeatable levels by time:
     D:6: 471 daAuts
     D:5: 260 daAuts
     D:2: 175 daAuts
     D:4: 173 daAuts
     D:1: 144 daAuts
  Temple: 123 daAuts
     D:3: 122 daAuts
     D:7: 89 daAuts
  Bailey: 79 daAuts

Table legend:
 A = Kills in this place as a percentage of kills in entire the game.
 B = Kills by you in this place as a percentage of kills by you in the entire game.
 C = Kills by friends in this place as a percentage of kills by friends in the entire game.
 D = Other kills in this place as a percentage of other kills in the entire game.
 E = Experience gained in this place as a percentage of experience gained in the entire game.
 F = Experience gained in this place divided by the number of levels of this place that you have seen.
                   A       B       C       D       E      F
               +-------+-------+-------+-------+-------+----------------------
         Total | 100.0 | 100.0 | 100.0 |   N/A | 100.0 | 200.0
       Dungeon |  88.7 |  88.2 | 100.0 |   N/A |  91.2 | 234.4
        Bailey |  11.3 |  11.8 |   0.0 |   N/A |   8.8 | 159.0
               +-------+-------+-------+-------+-------+----------------------
